Map: Winter Madness LE

Players

SCIInewby

  • Race: Protoss Protoss
  • League: Master
  • Spawn Location: 5:00

Denis - Winner!

  • Race: Terran Terran
  • League: Gold
  • Spawn Location: 11:00

VOD

Have the link to the VOD?

Description

Time

  • Played on: Feb. 10, 2026, 3:57 p.m.
  • Length: 6:42
Show
View Real Time Build Order
Export as new Build Order

SCIInewby Protoss 

Build Orders:  

Get SALT Encoding   

  12  0:00  Probe  
  13  0:12  Probe  
  14  0:22  Pylon  
  14  0:24  Probe  
  15  0:41  Probe  
  15  0:42  Gateway  
  16  0:49  Probe  
  16  0:52  Assimilator  
  17  0:57  Probe  
  18  1:07  Probe  
  19  1:18  Probe  
  20  1:26  Probe  
  20  1:29  Assimilator  
  21  1:34  Probe  
  21  1:38  Forge  
  22  1:46  Probe  
  23  1:53  Pylon  
  23  1:58  Probe  
  23  2:11  Probe, Zealot  
  26  2:23  Probe, Nexus  
  27  2:35  Probe  
  28  2:47  Probe  
  28  2:49  Photon Cannon  
  29  2:59  Probe  
  30  3:11  Probe  
  31  3:22  Assimilator  
  31  3:28  Pylon  
  31  3:31  Cybernetics Core  
  31  3:32  Probe  
  31  3:33  Probe  
  31  3:40  Probe  
  33  3:41  Probe  
  35  3:49  Probe x2  
  35  3:50  Gateway  
  35  3:51  Gateway  
  35  3:52  Warp Gate  
  37  3:57  Probe  
  37  4:01  Probe  
  39  4:06  Probe  
  39  4:08  Pylon  
  40  4:13  Probe  
  40  4:14  Assimilator  
  41  4:18  Probe  
  42  4:25  Probe  
  42  4:27  Twilight Council  
  42  4:30  Probe  
  44  4:36  Pylon  
  44  4:39  Pylon  
  44  4:43  Photon Cannon  
  44  4:46  Photon Cannon  
  44  4:48  Probe  
  44  4:49  Probe  
  46  5:00  Pylon, Probe  
  47  5:15  Dark Shrine  
  45  5:33  Pylon  
  45  5:34  Pylon  
  45  5:36  Pylon x2  
  45  5:38  Pylon  
  44  5:43  Zealot x2  
  44  6:00  Forge  
Show
View Real Time Build Order
Export as new Build Order

Denis Terran - Winner!

Build Orders:  

Get SALT Encoding   

  12  0:00  SCV  
  13  0:14  Supply Depot  
  13  0:18  SCV  
  14  0:30  SCV  
  15  0:38  Barracks  
  15  0:42  SCV  
  16  0:53  Barracks  
  16  0:55  SCV  
  17  1:08  SCV  
  18  1:16  Barracks  
  18  1:25  Orbital Command  
  18  1:32  Marine  
  18  1:36  Refinery  
  19  1:40  Refinery  
  19  1:43  Marine  
  20  1:52  Supply Depot  
  20  1:56  Marine  
  21  2:05  Marine  
  21  2:06  Marine  
  23  2:13  SCV  
  23  2:14  Supply Depot  
  24  2:22  Marine  
  25  2:24  Barracks Reactor  
  25  2:26  Marine  
  25  2:28  SCV  
  29  2:52  SCV  
  29  2:56  Barracks Reactor  
  28  3:04  Barracks Tech Lab  
  28  3:08  Marine x2  
  28  3:12  Supply Depot  
  30  3:18  Engineering Bay  
  29  3:24  Supply Depot  
  29  3:25  Marauder, Marine  
  29  3:26  Concussive Shells  
  32  3:27  Marine  
  32  3:30  SCV  
  32  3:32  Marine  
  32  3:33  Marine  
  36  3:42  SCV  
  36  3:43  Marine  
  36  3:47  Marauder  
  40  3:50  Marine  
  40  3:51  Marine  
  40  3:53  Marine  
  43  3:56  SCV  
  44  4:03  Marine  
  44  4:09  Combat Shield, SCV  
  46  4:14  Supply Depot  
  48  4:17  Marauder  
  48  4:18  Marine  
  49  4:24  Marine x2  
  51  4:34  Marine  
  51  4:38  Marine  
  53  4:40  Marine  
  53  4:43  Marine x2  
  56  4:48  Missile Turret  
  56  5:02  Marine x2  
  56  5:03  Marine  
  58  5:28  Marine x5  
  63  6:26  SCV  
Tags
 
Matchup
PvT
Replay Pack
Multiplayer
Spawn Locations
Cross Positions
Add a new tag
Caveats
  • Supply blocks, unpowered buildings, or Contaminate may cause inaccurate times.
  • Supply counts are checked every 10 seconds.